 Dungeon Crawl Stone Soup version 0.27.1-35-g4d5d836560 (webtiles) character file.

Game seed: 11306146977126231870

269 cbfl8 the Slasher (level 6, -1/55 HPs)
             Began as a Minotaur Monk on May 16, 2022.
             Slain by a gnoll (2 damage)
             ... on level 3 of the Dungeon.
             The game lasted 00:06:50 (3214 turns).

cbfl8 the Slasher (Minotaur Monk)                   Turns: 3214, Time: 00:06:50

Health: -1/55      AC:  6    Str: 17    XL:     6   Next: 1%
Magic:  5/5        EV:  7    Int:  7    God:
Gold:   215        SH: 12    Dex: 13    Spells: 5/5 levels left

rFire    . . .     SeeInvis .   d - +5 flail
rCold    . . .     Faith    .   l - +1 tower shield
rNeg     . . .     Spirit   .   m - +0 ring mail
rPois    .         Reflect  .   (helmet restricted)
rElec    .         Harm     .   (no cloak)
rCorr    .         Rampage  .   i - +0 pair of gloves
Will     .....                  (no boots)
Stlth    ..........             (no amulet)
HPRegen  0.18/turn              (no ring)
MPRegen  0.09/turn              (no ring)

@: silenced, weak-willed
A: horns 2, retaliatory headbutt
a: no special abilities


You were on level 3 of the Dungeon.
You visited 1 branch of the dungeon, and saw 3 of its levels.

You collected 215 gold pieces.

Inventory:

Hand Weapons
 a - a +0 falchion
 d - a +5 flail (weapon)
 j - a +3 mace
Armour
 b - a +0 robe
 i - a +0 pair of gloves (worn)
 l - a +1 tower shield (worn)
 m - a +0 ring mail (worn)
Scrolls
 g - a scroll of enchant weapon
 k - a scroll of identify


   Skills:
 + Level 4.8 Fighting
 + Level 5.3 Long Blades
 + Level 1.5 Maces & Flails
 + Level 1.1 Armour
 + Level 4.5 Dodging
 + Level 2.5 Stealth
 + Level 1.0 Shields


You had 5 spell levels left.
You didn't know any spells.
Your spell library contained the following spells:

 Spells                   Type           Power      Damage    Failure   Level
 Iskenderun's Battlesphe  Conj           0%         2d6       100%        5
 Iron Shot                Conj/Erth      0%         9d1       100%        6
 Spellforged Servitor     Conj/Summ      0%         N/A       100%        7


Dungeon Overview and Level Annotations

Branches:
Dungeon (3/15)

Altars:
Fedhas


Innate Abilities, Weirdness & Mutations

You have a pair of horns on your head.
You reflexively headbutt those who attack you in melee.


Message History

Your +0 tower shield glows green for a moment.
You block the gnoll's attack.
The kobold brigand hits you but does no damage.
The kobold hits you but does no damage. The gnoll hits you but does no damage.
As you read the scroll labelled NULIUCODIV, it crumbles to dust.
Magic quickly surges around you.
It was a scroll of vulnerability.
The gnoll barely misses you. You furiously retaliate!
You headbutt the gnoll! The kobold brigand barely misses you.
You block the kobold's attack. You block the gnoll's attack.
As you read the scroll labelled ISTROL CIATIL, it crumbles to dust.
It is a scroll of identify.
n - a scroll of silence The gnoll hits you with a +0 club.
The kobold brigand hits you with a +0 dagger.
You block the kobold's attack. The gnoll hits you with a +0 club.
* * * LOW HITPOINT WARNING * * *
As you read the scroll of silence, it crumbles to dust.
A profound silence engulfs you. The gnoll hits you with a +0 club.
* * * LOW HITPOINT WARNING * * *
The kobold brigand hits you with a +0 dagger.
* * * LOW HITPOINT WARNING * * *
You block the kobold's attack. The gnoll hits you with a +0 club.
* * * LOW HITPOINT WARNING * * *
You aren't carrying any potions.
A kobold comes into view. It is wielding a +0 club.
You block the gnoll's attack.
The kobold brigand hits you with a +0 dagger.
* * * LOW HITPOINT WARNING * * *
There is an open door here.
Things that are here:
a +0 club; a gnoll corpse You closely miss the kobold brigand.
Your headbutt misses the kobold brigand.
The kobold brigand hits you with a +0 dagger.
* * * LOW HITPOINT WARNING * * *
The kobold brigand seems to be listening.
You closely miss the kobold brigand.
Your headbutt misses the kobold brigand.
The gnoll hits you with a +0 club.
You die...

###### . #....# # ... #....# #
....#########....##### #
.......KKgK#......#... +
......)KKKKg@.....'... #
........K.K#K.....#.. #
....#########....## # ... #.[..#
. #.(..#
##################''############
≈≈≈≈≈≈≈≈≈≈≈≈≈≈≈≈......≈≈≈≈≈≈≈≈≈≈≈
≈≈≈≈≈≈≈≈≈≈≈≈≈≈≈≈.....≈≈≈≈≈≈≈≈≈≈≈≈
≈≈≈≈≈≈≈≈≈≈≈≈≈≈≈≈g.....≈≈≈≈≈≈≈≈≈≈≈


You could see a kobold brigand (weak-willed), 2 gnolls and 9 kobolds.

Vanquished Creatures
  A necrophage (D:2)
  4 gnolls (D:3)
  8 adders
  A worm (D:3)
  2 dart slugs
  2 endoplasms
  2 giant cockroaches
  2 goblins
  10 hobgoblins
  2 quokkas (D:2)
  4 ball pythons
  4 bats
  5 frilled lizards
  17 kobolds
  6 rats
70 creatures vanquished.

Notes
Turn   | Place    | Note
-------+----------+-------------------------------------------
     0 | D:1      | cbfl8 the Minotaur Monk began the quest for the Orb.
     0 | D:1      | Reached XP level 1. HP: 19/19 MP: 0/0
   379 | D:1      | Reached XP level 2. HP: 22/27 MP: 1/1
   863 | D:2      | Reached skill level 4 in Long Blades
   866 | D:2      | Reached XP level 3. HP: 30/33 MP: 2/2
  1044 | D:2      | Found a faded altar of an unknown god.
  1576 | D:2      | Noticed a necrophage
  1586 | D:2      | Killed a necrophage
  1587 | D:2      | Reached skill level 5 in Long Blades
  1587 | D:2      | Reached XP level 4. HP: 40/41 MP: 3/3
  1587 | D:2      | Reached XP level 5. HP: 45/47 MP: 4/4
  2473 | D:3      | Found a blossoming altar of Fedhas.
  2694 | D:3      | Reached skill level 1 in Maces & Flails
  2756 | D:3      | Reached skill level 1 in Shields
  3022 | D:3      | Reached skill level 1 in Armour
  3199 | D:3      | Reached XP level 6. HP: 47/55 MP: 5/5
  3213 | D:3      | HP: 1/55 [kobold brigand (3)]
  3214 | D:3      | Slain by a gnoll

Illustrated notes

Levels and vault maps discovered:
D:1:      shiori_arrival_oz, layout_rooms
D:2:      layout_rooms, hellmonk_ecumenical_altar_zigzags
D:3:      minmay_goblin_kobold_castle, layout_basic,
          nicolae_overflow_crystal_walls, minivault_23

Skill      XL: |  1  2  3  4  5 |
---------------+----------------+-----
Fighting       | 4 |  4.8
Long Blades    | 4 5 |  5.3
Stealth        | 2 |  2.5
Dodging        | 4 |  4.5
Maces & Flails | 1 |  1.5
Shields        | 1 |  1.0
Armour         | 1 |  1.1

Action                   |  1- 3 |  4- 6 || total
-------------------------+-------+-------++-------
Melee: Falchion          |    48 |     1 ||    49
       Headbutt          |    11 |    15 ||    26
       Mace              |       |    69 ||    69
       Flail             |       |    15 ||    15
  Use: Scroll            |       |     8 ||     8
       Potion            |       |     1 ||     1
 Stab: Sleeping          |     2 |       ||     2
Armor: Robe              |     2 |     4 ||     6
       Ring mail         |       |    55 ||    55
       Skin              |       |     4 ||     4
Dodge: Dodged            |    46 |    56 ||   102
Block: Tower shield      |       |   111 ||   111
       Rpst.: Falchion   |    17 |       ||    17
